 Dungeon Crawl Stone Soup version 0.31.0-32-g396128a36d (webtiles) character file.

Game seed: 4229183334619019378

8655 monsoonserge the Mimic (level 11, -13/72 HPs)
             Began as an Octopode Shapeshifter on Apr 11, 2024.
             Was a Priest of Elyvilon.
             Shot with a bolt by a gnoll sergeant (49 damage)
             ... in a bailey.
             The game lasted 00:33:47 (8725 turns).

monsoonserge the Mimic (Octopode Shapeshifter)      Turns: 8725, Time: 00:33:47

Health: -13/72     AC:  7    Str: 18    XL:     11   Next: 34%
Magic:  22/26      EV: 24    Int: 13    God:    Elyvilon [***...]
Gold:   616        SH:  0    Dex: 11    Spells: 10/10 levels left

rFire   + .          .
                       - Unarmed
rCold   + . .        p - melded +0 buckler
rNeg    . . .        C - +2 hat
rPois   .            y
                       - Hermit's Pendant {Faith Invo=14 Evo=0 MP+5}
rElec   .            e - ring of protection from cold
rCorr   .            s - +4 ring of protection
SInv    +            v - ring of Tusoatet {rF+ EV+5 SInv}
Will    .....        (no ring)
Stlth   ++           (no ring)
HPRegen 0.32/turn    (no ring)
MPRegen 0.20/turn    (no ring)
                     (no ring)

%: faith
@: flux-form, weakened, glowing
A: glow, contaminating, almost no armour, amphibious, 8 rings, camouflage 1,
gelatinous body 1, (nimble swimmer 1), tentacles
a: Begin Untransformation, Renounce Religion, Purification, Heal Other, Heal
Self


You were in a bailey.
You worshipped Elyvilon.
Elyvilon was most pleased with you.
You were something dangerously unstable.
You visited 2 branches of the dungeon, and saw 10 of its levels.
You also visited: Bailey.

You collected 616 gold pieces.

Inventory:

Missiles
 g - 10 boomerangs (quivered)
 q - 2 darts of dispersal
 t - 3 throwing nets
 H - 15 poisoned darts
Armour
 p - a +0 buckler (melded)
 C - a +2 hat (worn)
Jewellery
 d - a ring of ice
 e - a ring of protection from cold (left tentacle)
 s - a +4 ring of protection (right tentacle)
 v - the ring of Tusoatet (on tentacle) {rF+ EV+5 SInv}
   (You found it on level 4 of the Dungeon)

   [ring of evasion]

   EV+5:      It affects your evasion (+5).
   rF+:       It protects you from fire.
   SInv:      It lets you see invisible.
 y - the Hermit's Pendant (around mantle) {Faith Invo=14 Evo=0 MP+5}
   (You found it on level 4 of the Dungeon)

   [amulet of faith]

   Invo=14: It sets your Invocations skill to 14.
   Evo=0: It sets your Evocations skill to 0.
   Faith:     It allows you to gain divine favour quickly.
   MP+5:      It affects your magic capacity (+5).
 D - an amulet of regeneration
Talismans
 b - a beast talisman
 c - a flux talisman (active)
Wands
 x - a wand of mindburst (23)
 z - a wand of roots (9)
 M - a wand of paralysis (2)
Scrolls
 j - 2 scrolls of butterflies
 k - 2 scrolls of enchant weapon
 l - 3 scrolls of poison
 m - 2 scrolls of vulnerability
 o - 2 scrolls of silence
 u - 2 scrolls of teleportation {unknown}
 w - 2 scrolls of blinking {unknown}
 E - a scroll of amnesia {unknown}
 G - 3 scrolls of revelation {unknown}
 I - a scroll of fear {unknown}
 J - a scroll of noise {unknown}
Potions
 a - 3 potions of lignification
 f - 2 potions of haste
 h - 2 potions of attraction
 i - 3 potions of heal wounds {unknown}
 n - a potion of might
 r - a potion of degeneration {unknown}
 A - 2 potions of mutation {unknown}
 B - 2 potions of cancellation {unknown}
 F - a potion of magic {unknown}
 K - 2 potions of curing {unknown}
 L - a potion of invisibility {unknown}
 N - a potion of enlightenment {unknown}


   Skills:
 * Level 6.0 Fighting
 * Level 6.0 Dodging
 + Level 6.2 Stealth
 * Level 9.6 Unarmed Combat
 - Level 2.0(0.0) Evocations
 * Level 10.8 Shapeshifting


You had 10 spell levels left.
You didn't know any spells.
Your spell library contained the following spells:

 Spells                   Type           Power      Damage    Failure   Level
 Kiss of Death            Conj/Necr      0%         2d5       30%         1
 Sting                    Conj/Alch      0%         1d3       30%         1
 Call Imp                 Summ           0%         N/A       43%         2
 Mercury Vapours          Alch/Air       0%         N/A       43%         2
 Sublimation of Blood     Necr           0%         N/A       43%         2
 Confusing Touch          Hex            0%         N/A       67%         3
 Volatile Blastmotes      Fire/Tloc      0%         2d10      67%         3
 Dispel Undead            Necr           0%         3d6       97%         4
 Fulminant Prism          Conj/Alch      0%         3d5       97%         4
 Iskenderun's Mystic Bla  Conj/Tloc      0%         2d3       97%         4
 Olgreb's Toxic Radiance  Alch           0%         N/A       97%         4
 Petrify                  Alch/Erth      0%         N/A       97%         4
 Irradiate                Conj/Alch      0%         3d11      100%        5
 Summon Hydra             Summ           0%         N/A       100%        7


Dungeon Overview and Level Annotations

Branches:
Dungeon (9/15)             Temple (1/1) D:7          Bailey (1/1)
   Lair: D:8-11         Orc: D:9-12

Altars:
Ashenzari
Cheibriados
Dithmenos
Elyvilon
Fedhas
Gozag
Hepliaklqana
Kikubaaqudgha
Makhleb
Nemelex Xobeh
Okawaru
Qazlal
Ru
Sif Muna
Trog
Vehumet
Wu Jian
Xom
Yredelemnul
Zin
The Shining One

Shops:
D:2 (

Annotations:
D:9 1 runed translucent door


Innate Abilities, Weirdness & Mutations

You are something dangerously unstable.
You glow with magical radiation, making you easy to see and hit.
Foes you strike become dangerously contaminated with magical radiation.
You are incapable of wielding weapons or throwing items.
You cannot wear most types of armour.
You are amphibious.
You can wear up to eight rings at the same time.
Your skin changes colour to match your surroundings (Stealth+).
Your rubbery body absorbs attacks. (AC +1, EV +1)
((You are camouflaged when in or above water. (Stealth+)))
You have tentacles for arms and can constrict up to eight enemies at once.


Message History

You constrict the wolf.
You kill the wolf!
The gnoll bouda closely misses you. x2
Your Fighting skill increases to level 6!
The wolf attacks as it pursues you! The wolf completely misses you.
The gnoll bouda attacks as it pursues you!
The gnoll bouda hits you from afar with a +0 halberd!
The wolf misses you. The gnoll bouda misses you.
The wolf completely misses you.
Things that are here:
a +0 trident; a +0 scale mail The wolf closely misses you.
The wolf attacks as it pursues you! The wolf barely misses you.
The wolf misses you.
The gnoll bouda gazes fiercely through you!
You feel your attacks grow feeble.
The gnoll sergeant attacks as it pursues you!
The gnoll sergeant unwields the +27 heavy crossbow "Sniper" {heavy, Acc+∞ SInv}.
The gnoll sergeant wields a +0 glaive.
The gnoll sergeant hits you with a +0 glaive.
The wolf completely misses you.
The gnoll bouda gazes fiercely through you!
You feel as though you will be weak longer.
The gnoll sergeant unwields a +0 glaive.
The gnoll sergeant wields the +27 heavy crossbow "Sniper" {heavy, Acc+∞ SInv}.
The gnoll sergeant shoots a bolt.
The bolt hits you!!
* * * LOW HITPOINT WARNING * * *
The gnoll bouda attacks as it pursues you!
The gnoll bouda hits you but does no damage.
Things that are here:
a +0 halberd; a +0 plate armour You are healed.
The wolf closely misses you. The gnoll bouda closely misses you.
The wolf barely misses you.
Press: ? - help, Dir - move target, f - wolf Heal: a wolf (chance to pacify: 93%)
The wolf turns neutral.
The wolf bites the gnoll bouda but does no damage.
The gnoll sergeant shoots a bolt.
The bolt hits you!!!
Ouch! That really hurt!
You die...

# #...8 #'###≈♣ #
#.... #...#≈♣ #
..##.... ##...#≈♣ #
... #...##....#≈♣ #
....##'##....8#≈♣ #
....#...#.....#≈♣
##....'...'....##≈♣
)##...#..)#...##)≈♣
))#####...#####hp≈♣
...÷.......).gg..≈♣
≈.............g.≈≈♣
≈≈≈≈≈≈≈≈≈≈≈≈≈≈≈≈≈♣♣
♣♣♣♣♣♣♣♣♣♣♣♣♣♣♣♣♣♣


You could see a gnoll sergeant (swift), 2 gnoll boudas and a neutral wolf
(wandering).

Vanquished Creatures
  2 two-headed ogres
  Pikel (D:6)
  An ugly thing (D:8)
  Jeremiah (D:7)
  2 hornets
  Prince Ribbit (D:7)
  Sigmund (D:5)
  3 yaks (D:9)
  2 steam dragons
  2 water moccasins
  An acid dragon (D:9)
  A sky beast (D:7)
  An ice beast (D:5)
  A black bear (D:4)
  4 ogres
  6 wolves (Bailey)
  3 centaurs
  2 phantoms (D:7)
  A lemure (D:6)
  A kobold brigand (D:7)
  3 bullfrogs
  6 gnoll sergeants (Bailey)
  2 wights (D:9)
  3 killer bees (D:9)
  2 howler monkeys
  A jelly (D:5)
  An orc priest (D:6)
  Crazy Yiuf (D:3)
  3 bombardier beetles
  6 gnoll boudas
  6 hounds
  2 iguanas (D:5)
  Terence (D:2)
  4 orc wizards
  19 gnolls
  2 adders
  4 shadow imps
  2 white imps
  3 ufetubi
  5 dart slugs
  A ribbon worm (D:3)
  21 orcs
  6 ball pythons
  3 bats
  8 endoplasms
  A giant cockroach (D:3)
  6 goblins
  6 hobgoblins
  4 quokkas
  4 frilled lizards
  26 kobolds
  9 rats
208 creatures vanquished.

Vanquished Creatures (others)
  An ufetubus (D:7)
  3 goblins (D:9)
4 creatures vanquished.

Grand Total: 212 creatures vanquished

Notes
Turn   | Place    | Note
-------+----------+-------------------------------------------
     0 | D:1      | monsoonserge the Octopode Shapeshifter began the quest for
                  | the Orb.
     0 | D:1      | Reached XP level 1. HP: 13/13 MP: 1/1
   235 | D:1      | Reached skill level 1 in Stealth
   235 | D:1      | Reached XP level 2. HP: 18/18 MP: 2/2
   564 | D:1      | Reached XP level 3. HP: 24/24 MP: 3/3
  1208 | D:2      | Found Wyank's Antique Weapon Boutique.
  1269 | D:2      | Noticed Terence
  1277 | D:2      | Killed Terence
  1278 | D:2      | Reached XP level 4. HP: 7/29 MP: 4/4
  2562 | D:3      | Found a runed translucent door.
  2563 | D:3      | Noticed Crazy Yiuf
  2743 | D:4      | Found a glowing silver altar of Zin.
  2746 | D:4      | Found a shimmering altar of Xom.
  2751 | D:4      | Found a shadowy altar of Dithmenos.
  2807 | D:4      | Noticed an ogre
  2819 | D:4      | Identified the ring of Tusoatet {rF+ EV+5 SInv}
  2921 | D:4      | Reached skill level 1 in Evocations
  2921 | D:4      | Reached XP level 5. HP: 31/34 MP: 5/5
  2928 | D:4      | Found an ornate altar of the Wu Jian Council.
  3086 | D:4      | Killed an ogre
  3087 | D:4      | Reached skill level 5 in Unarmed Combat
  3095 | D:4      | Found a basalt altar of Yredelemnul.
  3115 | D:4      | Found the Hermit's Pendant {Faith Invo=14 Evo=0 MP+5}
  3180 | D:4      | Found a broken altar of Ashenzari.
  3194 | D:4      | Reached XP level 6. HP: 39/39 MP: 6/6
  3206 | D:4      | Noticed a black bear
  3213 | D:4      | Killed a black bear
  3311 | D:5      | Entered Level 5 of the Dungeon
  3318 | D:5      | Noticed an ice beast
  3470 | D:5      | Reached XP level 7. HP: 30/45 MP: 7/7
  3654 | D:5      | Noticed Sigmund
  3903 | D:6      | Reached skill level 4 in Shapeshifting
  3963 | D:6      | Reached XP level 8. HP: 41/52 MP: 8/8
  4646 | D:7      | Identified the +11 short sword of Interdependent Arising
                  | {freeze, rC+}
  4659 | D:7      | Noticed Jeremiah
  4660 | D:7      | Noticed a two-headed ogre
  4671 | D:7      | Killed a two-headed ogre
  4672 | D:7      | Reached skill level 7 in Shapeshifting
  4672 | D:7      | Reached XP level 9. HP: 54/56 MP: 9/9
  4679 | D:7      | Killed Jeremiah
  4746 | D:7      | Found a staircase to the Ecumenical Temple.
  4753 | Temple   | Entered the Ecumenical Temple
  4770 | Temple   | Became a worshipper of Elyvilon the Healer
  4846 | D:7      | Noticed Pikel
  4927 | D:6      | Reached skill level 8 in Shapeshifting
  5056 | D:6      | Killed Pikel
  5057 | D:6      | Reached skill level 9 in Shapeshifting
  5196 | D:7      | Noticed Prince Ribbit
  5203 | D:7      | Killed Prince Ribbit
  5248 | D:7      | Reached * piety under Elyvilon
  5267 | D:7      | Found an iron altar of Okawaru.
  5909 | D:3      | Killed Crazy Yiuf
  6061 | D:5      | Reached XP level 10. HP: 62/63 MP: 20/20
  6080 | D:5      | Killed Sigmund
  6328 | D:5      | You fall into a shaft and drop 1 floor!
  6504 | D:8      | Reached ** piety under Elyvilon
  6586 | D:8      | Noticed a cyan ugly thing
  6598 | D:8      | Killed a purple ugly thing
  6599 | D:8      | Reached skill level 10 in Shapeshifting
  6656 | D:8      | Noticed a two-headed ogre
  6669 | D:8      | Killed a two-headed ogre
  6845 | D:8      | Noticed a two-headed ogre
  6846 | D:8      | Pacified a two-headed ogre
  6866 | D:8      | Reached skill level 5 in Stealth
  6876 | D:8      | Noticed Maggie
  6929 | D:8      | Pacified Maggie
  6930 | D:8      | Reached skill level 5 in Fighting
  6930 | D:8      | Reached skill level 5 in Dodging
  7304 | D:8      | Found a radiant altar of Vehumet.
  7525 | D:9      | Reached *** piety under Elyvilon
  7706 | D:9      | Found a flagged portal.
  7724 | D:9      | Reached XP level 11. HP: 69/72 MP: 21/21
  7735 | D:9      | Noticed Psyche
  7747 | D:9      | Found a runed translucent gate.
  7750 | D:9      | Pacified Psyche
  7863 | Bailey   | Entered a bailey
  8714 | Bailey   | Identified the +9 plate armour "Foigeh" {Fly Dex+2}
  8725 | Bailey   | Shot with a bolt by a gnoll sergeant

Illustrated notes

Levels and vault maps discovered:
D:1:      eino_arrival_cavern_a, layout_basic
D:2:      layout_basic, serial_shops, shop_fountains,
          amcnicky_mini_rare_corridor_liquid,
          wander_ebering_terrifying_dragon_lair, uniq_terence
D:3:      layout_loops_ring, grunt_ministairs_15, dk_noncrumbling_3,
          uniq_crazy_yiuf_cottage
D:4:      layout_loops_ring, overflow_temple_1_default, minitemple,
          marbit_many_paths, lemuel_tele_altar, serial_glass, glass_columns_c,
          glass_columns_c, nicolae_zig_zag_zippers
D:5:      layout_cave_pools, st_stairs_14, hangedman_decor_peaks_small,
          kennysheep_generic_room_14, uniq_sigmund
D:6:      layout_basic
D:7:      kennysheep_kobold_camp, layout_cave_pools, overflow_temple_1_default,
          minmay_temple_entry_junction_2, serial_glass, glass_columns_b,
          glass_columns_a, uniq_prince_ribbit1, uniq_pikel, uniq_jeremiah
D:8:      layout_gridville, mainiacjoe_overflow_brackets,
          dreamdust_wishing_well, uniq_maggie
D:9:      layout_basic, biasface_ghost_orc_armoury, enter_bailey_5, uniq_psyche
Temple:   nicolae_temple_figure_eight
Bailey:   bailey_polearm_gnolls_kennysheep, bailey

Skill      XL: |  1  2  3  4  5  6  7  8  9 10 11 |
---------------+----------------------------------+-----
Stealth        | 1 2 3 5 6 |  6.2
Fighting       | 2 3 5 6 |  6.0
Unarmed Combat | 4 5 6 7 8 9 |  9.6
Evocations     | 1 2 |  2.0
Dodging        | 3 5 6 |  6.0
Shapeshifting  | 4 7 9 10 | 10.8

Action                     |  1- 3 |  4- 6 |  7- 9 | 10-12 || total
---------------------------+-------+-------+-------+-------++-------
  Melee: Unarmed           |    54 |    63 |   195 |   244 ||   556
         Constrict         |    13 |    11 |    50 |    55 ||   129
         Tentacles         |     7 |    10 |    47 |    75 ||   139
         Punch             |     1 |     1 |    13 |       ||    15
  Throw: Boomerang         |       |     7 |     6 |       ||    13
 Invoke: Heal Other        |       |       |       |     5 ||     5
         Heal Self         |       |       |       |     1 ||     1
  Evoke: Wand              |       |     3 |     6 |     6 ||    15
    Use: Scroll            |       |     4 |     2 |     2 ||     8
   Stab: Sleeping          |    11 |     9 |     1 |       ||    21
         Distracted        |       |     1 |       |       ||     1
 Armour: Skin              |    17 |    13 |    83 |    95 ||   208
  Dodge: Dodged            |    21 |    26 |   156 |   319 ||   522
  Block: Buckler           |       |     3 |    23 |       ||    26
   Form: Flux              |       |       |     1 |       ||     1
